 Dungeon Crawl Stone Soup version 0.30-a0-364-gf6b3ef1049 (webtiles) character file.

Game seed: 17344854745211106765

2773 Elric the Severer (level 9, -1/70 HPs)
             Began as a Minotaur Fighter on Nov 14, 2022.
             Killed from afar by a gargoyle (11 damage)
             ... with a stone arrow
             ... on level 7 of the Dungeon on Nov 15, 2022.
             The game lasted 00:10:18 (5197 turns).

Elric the Severer (Minotaur Fighter)                Turns: 5197, Time: 00:10:18

Health: -1/70      AC: 13    Str: 25    XL:     9   Next: 42%
Magic:  8/8        EV: 12    Int:  5    God:
Gold:   315        SH:  0    Dex:  8    Spells: 8/8 levels left

rFire   . . .      SeeInvis .    z - +1 executioner's axe
rCold   . . .      Faith    .    (shield currently unavailable)
rNeg    . . .      Spirit   .    c - +0 chain mail
rPois   .          Reflect  .    (helmet restricted)
rElec   .          Harm     .    (no cloak)
rCorr   .          Rampage  .    (no gloves)
Will    .....                    (no boots)
Stlth   ..........               i - amulet of the acrobat
HPRegen 1.11/turn                f - +4 ring of evasion
MPRegen 0.11/turn                v - +4 ring of protection

@: mighty, hasted, very quick
A: horns 2, retaliatory headbutt, clumsy 1, regeneration 1
a: no special abilities


You were on level 7 of the Dungeon.
You visited 1 branch of the dungeon, and saw 7 of its levels.
You also visited: Ossuary.

You collected 315 gold pieces.

Inventory:

Hand Weapons
 a - a +1 war axe
 z - a +1 executioner's axe (weapon)
Armour
 b - a +1 scale mail
 c - a +0 chain mail (worn)
Jewellery
 f - a +4 ring of evasion (left hand)
 i - an amulet of the acrobat (around neck)
 v - a +4 ring of protection (right hand)
 B - a ring of resist corrosion
Wands
 r - a wand of mindburst (22)
 C - a wand of flame (22)
Scrolls
 e - 4 scrolls of fear
 k - 2 scrolls of immolation
 q - 4 scrolls of enchant armour
 w - a scroll of magic mapping
 x - 3 scrolls of blinking
 y - a scroll of teleportation
Potions
 d - a potion of might
 g - a potion of attraction {unknown}
 h - 6 potions of flight
 j - 3 potions of curing
 o - 3 potions of haste
 u - 2 potions of magic
 D - 3 potions of brilliance
 G - 2 potions of mutation


   Skills:
 - Level 3.6 Fighting
 + Level 15.3 Axes
 - Level 3.6 Armour
 - Level 3.6 Shields


You had 8 spell levels left.
You didn't know any spells.
Your spell library contained the following spells:

 Spells                   Type           Power      Damage    Failure   Level
 Apportation              Tloc           0%         N/A       98%         1
 Necrotise                Necr           0%         1d4       98%         1
 Slow                     Hex            0%         N/A       98%         1
 Summon Small Mammal      Summ           0%         N/A       98%         1
 Blink                    Tloc           0%         N/A       99%         2
 Momentum Strike          Conj/Tloc      0%         3d8       99%         2
 Confusing Touch          Hex            0%         N/A       100%        3
 Dazzling Flash           Conj/Hex       0%         N/A       100%        3
 Lesser Beckoning         Tloc           0%         N/A       100%        3
 Vampiric Draining        Necr           0%         2d6       100%        3
 Agony                    Necr           0%         N/A       100%        5
 Silence                  Hex/Air        0%         N/A       100%        5
 Conjure Ball Lightning   Conj/Air       0%         3x3d6     100%        6
 Borgnjor's Revivificati  Necr           0%         N/A       100%        8
 Discord                  Hex            0%         N/A       100%        8
 Disjunction              Tloc           0%         N/A       100%        8
 Necromutation            Tmut/Necr      0%         N/A       100%        8
 Death's Door             Necr           0%         N/A       100%        9


Dungeon Overview and Level Annotations

Branches:
Dungeon (7/15)             Temple (0/1) D:4         Ossuary (visited)

Altars:
Elyvilon
Sif Muna

Shops:
D:4 *


Innate Abilities, Weirdness & Mutations

You have a pair of horns on your head.
You reflexively headbutt those who attack you in melee.
You are clumsy. (Dex -2)
Your natural rate of healing is unusually fast.


Message History

The gargoyle hurls a stone arrow at you.
The stone arrow hits you!
You barely miss the gargoyle.
The gargoyle is severely damaged.
The gargoyle closely misses you. The gargoyle attacks as you move away!
The gargoyle closely misses you. You furiously retaliate!
You headbutt the gargoyle!
You destroy the gargoyle!
Your Axes skill increases to level 15!
There is an open door here.
You see here a +0 morningstar.
You see here a +0 ring mail.
There is an open door here.
You see here a +0 morningstar.
As you open the door, it creaks loudly!
A gargoyle comes into view.
It is wielding a +1 flail of protection.
A gargoyle opens the door.
Found 12 gold pieces and a potion of curing.
You feel very mighty all of a sudden.
The gargoyle hurls a stone arrow at you.
The stone arrow hits you!
The gargoyle hits you with a +1 flail of protection!
You barely miss the gargoyle. Your headbutt misses the gargoyle.
The gargoyle hits you with a +1 flail of protection!!
The gargoyle hits you but does no damage.
The gargoyle hits you with a +0 morningstar!
* * * LOW HITPOINT WARNING * * *
You feel much better. The gargoyle closely misses you. You furiously retaliate!
You headbutt the gargoyle!
The gargoyle hits you with a +1 flail of protection!
You slash the gargoyle! You headbutt the gargoyle!
The gargoyle is almost destroyed.
You barely miss the gargoyle.
The gargoyle hits you with a +0 morningstar!!
* * * LOW HITPOINT WARNING * * *
The gargoyle hits you but does no damage.
You feel yourself speed up.
The gargoyle hurls a stone arrow at you.
The stone arrow hits you!
You die...

,,,,*****,,,*,*,,,* **,*
,,,,,,,,,,,**,,,*,* *,,,
,,,,,,****,******,* *,,,
,......,,,,******,**** *,**
*#..#.#*****,,,,,,,,,*** *,*
#..#.# *,,,##***##,,,* *,*
##....# ##.###!###$#**,** *,*
#.....# #..#[##9.9##8*,,* *,**
......# #.###)..@..+#**,******,**
#.....# #.#8#.......#8*,,,,,,,,,,
##....# #.##'.......+#*,*******,,
##.##.# #.##....8....#*,*******,,
...##.# #.##).......+#*,*,,,,,,,,
>####.###.#[#.......#8*,*,*****,,
.# #.....###'.....+#**,*,* *,, .#
#####..#8##...##,*,,*,* *,* .#
##.###8...8#**.**,* *,*


You could see 2 gargoyles.

Vanquished Creatures
  2 gargoyles (D:7)
  Grinder (D:4)
  A steam dragon (D:6)
  A water moccasin (D:7)
  An orc warrior (D:7)
  A black bear (D:7)
  2 centaurs (D:5)
  A phantom (D:6)
  2 kobold brigands (D:6)
  A necrophage (D:7)
  5 wights (D:7)
  A howler monkey (D:4)
  5 centaur zombies (Ossuary)
  3 quasits (D:5)
  3 orc priests
  A hound (D:6)
  Ijyb (D:3)
  Natasha (twice) (D:3)
  2 iguanas
  3 orc wizards
  6 mummies (Ossuary)
  7 adders
  2 ufetubi
  2 dart slugs
  23 orcs
  7 ball pythons
  6 endoplasms
  4 giant cockroaches
  9 goblins
  5 hobgoblins
  4 jackals (D:3)
  7 quokkas
  7 bats
  3 frilled lizards
  2 hobgoblin zombies (Ossuary)
  26 kobolds
  5 rats
164 creatures vanquished.

Vanquished Creatures (others)
  A demonic plant (D:5)
1 creature vanquished.

Grand Total: 165 creatures vanquished

Notes
Turn   | Place    | Note
-------+----------+-------------------------------------------
     0 | D:1      | Elric the Minotaur Fighter began the quest for the Orb.
     0 | D:1      | Reached XP level 1. HP: 19/19 MP: 0/0
    79 | D:1      | Reached skill level 3 in Axes
   152 | D:1      | Reached XP level 2. HP: 21/25 MP: 1/1
   335 | D:1      | Reached skill level 4 in Axes
   587 | D:2      | Reached XP level 3. HP: 31/31 MP: 2/2
   703 | D:2      | Reached skill level 5 in Axes
  1245 | D:3      | Reached XP level 4. HP: 38/38 MP: 3/3
  1253 | D:3      | Found a white marble altar of Elyvilon.
  1362 | D:3      | Noticed Ijyb
  1372 | D:3      | Killed Ijyb
  1562 | D:3      | Found a faded altar of an unknown god.
  1638 | D:3      | Noticed Natasha
  1642 | D:3      | Killed Natasha
  1643 | D:3      | Reached skill level 6 in Axes
  1728 | D:3      | Reached XP level 5. HP: 45/45 MP: 4/4
  1874 | D:3      | Noticed Natasha
  1879 | D:3      | Killed Natasha
  2248 | D:4      | Reached skill level 7 in Axes
  2460 | D:4      | Found a staircase to the Ecumenical Temple.
  2615 | D:4      | Found Urchoynes's General Store.
  2915 | D:5      | Entered Level 5 of the Dungeon
  2915 | D:5      | Noticed Grinder
  2924 | D:5      | Reached XP level 6. HP: 51/51 MP: 5/5
  2945 | D:4      | Killed Grinder
  2946 | D:4      | Reached skill level 9 in Axes
  2999 | D:5      | Reached XP level 7. HP: 56/57 MP: 6/6
  3156 | D:5      | Reached skill level 10 in Axes
  3426 | D:5      | Found a shimmering blue altar of Sif Muna.
  3615 | D:6      | Noticed a steam dragon
  3621 | D:6      | Killed a steam dragon
  3622 | D:6      | Reached skill level 11 in Axes
  3636 | D:6      | Reached XP level 8. HP: 23/64 MP: 7/7
  3951 | D:6      | Reached skill level 12 in Axes
  4602 | D:7      | Found a sand-covered staircase.
  4607 | Ossuary  | Entered an ossuary
  4837 | D:7      | Reached skill level 13 in Axes
  4974 | D:7      | Gained mutation: You are clumsy. (Dex -2) [potion of
                  | mutation]
  4974 | D:7      | Gained mutation: Your natural rate of healing is unusually
                  | fast. [potion of mutation]
  5058 | D:7      | Reached skill level 14 in Axes
  5058 | D:7      | Reached XP level 9. HP: 70/70 MP: 8/8
  5137 | D:7      | Noticed a gargoyle
  5139 | D:7      | Killed a gargoyle
  5160 | D:7      | Noticed a gargoyle
  5166 | D:7      | Killed a gargoyle
  5167 | D:7      | Reached skill level 15 in Axes
  5192 | D:7      | Noticed a gargoyle
  5193 | D:7      | Noticed a gargoyle
  5197 | D:7      | Killed from afar by a gargoyle

Illustrated notes

Levels and vault maps discovered:
D:1:      dpeg_arrival_more_subterranean_lakeside_camping, layout_rooms
D:2:      layout_basic, uniq_crazy_yiuf_cottage
D:3:      layout_loops_ring, elyvilon_altar_3,
          ebering_ecumenical_altar_petrified, chequers_serial_rivers_room_b,
          hangedman_abyss_or_decor_stabs, uniq_natasha, uniq_ijyb
D:4:      layout_basic, minmay_temple_entry_enclosed_plants,
          nicolae_eternal_life, nicolae_stop_n_shop_1
D:5:      layout_rooms, amcnicky_altar_gilded, serial_demonic, serial_demonic_d,
          serial_demonic_a, serial_demonic_e, serial_demonic_c,
          kennysheep_crisscross, uniq_grinder
D:6:      layout_rooms, kennysheep_cluttered_room
D:7:      cheibrodos_statue_roulette, layout_loops_ring,
          nicolae_ossuary_entry_false_entrances

Skill      XL: |  1  2  3  4  5  6  7  8  9 |
---------------+----------------------------+-----
Axes           | 3 4 5 6 7 9 11 14 15 | 15.3
Fighting       | |  3.6
Armour         | |  3.6
Shields        | |  3.6

Action                   |  1- 3 |  4- 6 |  7- 9 || total
-------------------------+-------+-------+-------++-------
Melee: War axe           |    70 |    95 |   146 ||   311
       Headbutt          |    10 |    11 |    27 ||    48
       Executioner's axe |       |       |    33 ||    33
  Use: Scroll            |       |       |    18 ||    18
       Potion            |       |       |     8 ||     8
Armor: Scale mail        |    27 |    20 |    31 ||    78
       Chain mail        |       |       |     8 ||     8
Dodge: Dodged            |    47 |    96 |   168 ||   311
Block: Buckler           |    23 |    19 |    38 ||    80

Table legend: (Time is in decaauts)
 A = Elapsed time spent in this place.
 B = Non-inter-level travel time spent in this place.
 C = Inter-level travel time spent in this place.
 D = Time resting spent in this place.
 E = Time spent auto-exploring this place.
 F = Levels seen in this place.
 G = Mean time per level.
                   A        B        C        D        E       F      G
               +--------+--------+--------+--------+--------+-----+--------+
         Total |   5262 |   5052 |    210 |    611 |   3545 |   8 |  657.8 |
       Dungeon |   5075 |   4865 |    210 |    535 |   3487 |   7 |  725.0 |
       Ossuary |    186 |    186 |      0 |     76 |     58 |   1 |  186.0 |
               +--------+--------+--------+--------+--------+-----+--------+

Top non-repeatable levels by time:
     D:4: 954 daAuts
     D:6: 941 daAuts
     D:3: 799 daAuts
     D:2: 631 daAuts
     D:5: 610 daAuts
     D:1: 594 daAuts
     D:7: 545 daAuts
 Ossuary: 186 daAuts
